 Dungeon Crawl Stone Soup version 0.29.1-1-gd02db6906a (webtiles) character file.

Game seed: 4021346103980474805

86 DemonSlayer the Firebug (level 4, 0/30 HPs)
             Began as a Demonspawn Fire Elementalist on Oct 19, 2022.
             Succumbed to an adder's poison
             ... on level 2 of the Dungeon.
             The game lasted 00:04:27 (2348 turns).

DemonSlayer the Firebug (DsFE)                      Turns: 2348, Time: 00:04:27

Health: 0/30       AC:  2    Str:  8    XL:     4   Next: 26%
Magic:  5/8        EV: 12    Int: 18    God:
Gold:   54         SH:  0    Dex: 14    Spells: 2/8 levels left

rFire   . . .      SeeInvis .   e - +0 dagger
rCold   . . .      Faith    .   (no shield)
rNeg    . . .      Spirit   .   a - +0 robe
rPois   .          Reflect  .   (helmet restricted)
rElec   .          Harm     .   (no cloak)
rCorr   .          Rampage  .   (no gloves)
Will    .....                   (no boots)
Stlth   ++........              (no amulet)
HPRegen 0.10/turn               (no ring)
MPRegen 0.11/turn               (no ring)

@: mighty, lethally poisoned (0 -> -7), flying
A: antennae 1
a: no special abilities


You were on level 2 of the Dungeon.
You visited 1 branch of the dungeon, and saw 2 of its levels.

You collected 54 gold pieces.

Inventory:

Hand Weapons
 e - a +0 dagger (weapon)
Armour
 a - a +0 robe (worn)
Jewellery
 d - an amulet of faith
Scrolls
 g - a scroll of brand weapon {unknown}
 h - a scroll of magic mapping {unknown}
 i - a scroll of acquirement {unknown}
 j - a scroll of identify {unknown}
 k - a scroll of teleportation {unknown}
Potions
 b - a potion of magic


   Skills:
 + Level 0.2 Fighting
 + Level 0.2 Short Blades
 + Level 1.9 Dodging
 + Level 2.1 Stealth
 + Level 2.8 Spellcasting
 + Level 1.9 Conjurations
 + Level 3.4 Fire Magic


You had 2 spell levels left.
You knew the following spells:

 Your Spells              Type           Power      Damage    Failure   Level
a - Foxfire               Conj/Fire      48%        2x1d6     5%          1
b - Scorch                Fire           28%        2d6       6%          2
c - Conjure Flame         Conj/Fire      12%        6-21      17%         3

Your spell library contained the following spells:

 Spells                   Type           Power      Damage    Failure   Level
 Inner Flame              Hex/Fire       8%         N/A       24%         3
 Flame Wave               Conj/Fire      12%        2d6       50%         4
 Passage of Golubria      Tloc           2%         N/A       86%         4
 Silence                  Hex/Air        1%         N/A       99%         5
 Lehudib's Crystal Spear  Conj/Erth      3%         10d2      100%        8


Dungeon Overview and Level Annotations

Branches:
Dungeon (2/15)

Altars:


Innate Abilities, Weirdness & Mutations

You have a pair of small antennae on your head.


Message History

* * * LOW HITPOINT WARNING * * *
It was a potion of flight.
You feel very buoyant.
You fly up into the air.
You feel sick. The adder bites you.
* * * LOW HITPOINT WARNING * * *
You are more poisoned.
The adder poisons you!
Okay, then.
As you read the scroll labelled MUB JULLOHUD, it crumbles to dust.
It is a scroll of amnesia.
Really abort (and waste the scroll)? [Y]es or [N]o only, please.
Really abort (and waste the scroll)? [Y]es or [N]o only, please.
Really abort (and waste the scroll)? [Y]es or [N]o only, please.
Really abort (and waste the scroll)? [Y]es or [N]o only, please.
Really abort (and waste the scroll)? [Y]es or [N]o only, please.
Really abort (and waste the scroll)? [Y]es or [N]o only, please.
Really abort (and waste the scroll)? [Y]es or [N]o only, please.
Really abort (and waste the scroll)? [Y]es or [N]o only, please.
Really abort (and waste the scroll)? [Y]es or [N]o only, please.
Really abort (and waste the scroll)? [Y]es or [N]o only, please.
Really abort (and waste the scroll)? [Y]es or [N]o only, please.
Really abort (and waste the scroll)?
Okay, then.
* * * LOW HITPOINT WARNING * * *
You feel very sick. The adder misses you. The adder barely misses you.
You puncture the adder!
You kill the adder!
You die...

♣.♣♣
♣♣.♣♣.♣..♣♣
# ♣♣.♣
♣♣...♣♣..♣
# ♣.♣♣
♣♣♣♣♣♣♣.♣♣
# ♣♣)♣
♣.†♣♣ #
♣.♣♣ ♣♣♣.♣
# ♣♣.♣ ♣.♣
# ♣.♣♣ ♣♣
♣.♣♣ #
♣♣.♣♣.♣
♣♣.♣ #
♣♣@†S♣ ♣.♣
# ♣♣♣!..♣
♣.♣♣ #
...?♣ ♣♣.♣♣
# ..$.♣
♣..♣ ....♣
♣♣>♣ ♣:.♣♣
♣♣♣ ♣♣♣


You could see a ball python.

Vanquished Creatures
  6 adders (D:2)
  3 ball pythons (D:1)
  2 bats
  5 endoplasms
  2 giant cockroaches
  A goblin (D:1)
  4 hobgoblins
  4 jackals (D:1)
  3 kobolds
  3 quokkas (D:2)
  4 frilled lizards
  2 rats (D:1)
39 creatures vanquished.

Vanquished Creatures (others)
  73 foxfires
73 creatures vanquished.

Grand Total: 112 creatures vanquished

Notes
Turn   | Place    | Note
-------+----------+-------------------------------------------
     0 | D:1      | DemonSlayer the Demonspawn Fire Elementalist began the
                  | quest for the Orb.
     0 | D:1      | Reached XP level 1. HP: 13/13 MP: 3/3
    86 | D:1      | Found a faded altar of an unknown god.
   207 | D:1      | Reached skill level 3 in Fire Magic
   207 | D:1      | Gained mutation: You have a pair of small antennae on your
                  | head. [demonic ancestry]
   207 | D:1      | Reached XP level 2. HP: 17/19 MP: 0/5
   402 | D:1      | Learned a level 2 spell: Scorch
  1288 | D:1      | Reached XP level 3. HP: 7/24 MP: 6/6
  1551 | D:1      | Learned a level 3 spell: Conjure Flame
  1846 | D:2      | Reached XP level 4. HP: 27/30 MP: 1/8
  2347 | D:2      | HP: 1/30 [poisoned by an adder]
  2348 | D:2      | Succumbed to an adder's poison

Illustrated notes

Levels and vault maps discovered:
D:1:      amcnicky_arrival_flooded_fountain, layout_basic,
          hellmonk_ecumenical_altar_crossroads, minmay_nonomino_d4
D:2:      kb_forest_paths, layout_rooms, minmay_misc_feat_more_columns,
          columned_hall_lemuel, uniq_natasha

Skill      XL: |  1  2 |
---------------+-------+-----
Fire Magic     | 3 |  3.4
Stealth        | 2 |  2.1
Fighting       | |  0.2
Short Blades   | |  0.2
Dodging        | |  1.9
Spellcasting   | |  2.8
Conjurations   | |  1.9

Action                   |  1- 3 |  4- 6 || total
-------------------------+-------+-------++-------
Melee: Dagger            |    61 |    24 ||    85
       Punch             |     2 |       ||     2
 Cast: Foxfire           |    51 |     5 ||    56
       Scorch            |       |     1 ||     1
  Use: Potion            |     2 |     2 ||     4
       Scroll            |       |     1 ||     1
 Stab: Sleeping          |     1 |       ||     1
Armor: Robe              |    24 |    16 ||    40
Dodge: Dodged            |    50 |    24 ||    74
